 Dungeon Crawl Stone Soup version 0.27-a0-1181-g5f64966fcc (webtiles) character file.

Game seed: 13203526283456928247

22028 CabbageHands the Bludgeoner (level 12, -4/138 HPs)
             Began as a Demonspawn Fighter on May 17, 2021.
             Was an Initiate of Gozag.
             Slain by a black mamba (8 damage)
             ... on level 2 of the Lair of Beasts.
             The game lasted 00:32:45 (21065 turns).

CabbageHands the Bludgeoner (Demonspawn Fighter)   Turns: 21065, Time: 00:32:46

Health: -4/138     AC: 22    Str: 18    XL:     12   Next: 59%
Magic:  12/12      EV: 15    Int: 11    God:    Gozag
Gold:   830        SH:  4    Dex: 21    Spells: 11/11 levels left

rFire    . . .     SeeInvis .   G - +0 morningstar (spect)
rCold    . . .     Faith    .   (no shield)
rNeg     + . .     Spirit   .   H - +3 chain mail
rPois    .         Reflect  .   o - +1 helmet
rElec    .         Harm     .   l - +0 cloak
rCorr    .         Rampage  .   A - +2 pair of gloves
Will     +....                  (no boots)
Stlth    ..........             (no amulet)
HPRegen  0.33/turn              B - +6 ring of dexterity
MPRegen  0.13/turn              I - ring "Jelenas" {Wiz *Corrode rN+ Will+ Stlth+}

@: agile, berserking, gold aura, very quick
A: claws 2, molten scales 2, powered by pain 2, condensation shield
a: Renounce Religion, Potion Petition, Call Merchant, Bribe Branch


You were on level 2 of the Lair of Beasts.
You worshipped Gozag.
Gozag was pleased with you.
You visited 3 branches of the dungeon, and saw 16 of its levels.

You collected 2243 gold pieces.
You spent 700 gold pieces at shops.
You paid 713 gold pieces to Gozag.

Inventory:

Hand Weapons
 a - a +0 flail of flaming
 G - a +0 spectral morningstar (weapon)
Missiles
 f - 34 poisoned darts (quivered)
 C - a throwing net
Armour
 c - a +0 kite shield
 l - a +0 cloak (worn)
 o - a +1 helmet (worn)
 w - a +0 tower shield
 A - a +2 pair of gloves (worn)
 H - a +3 chain mail (worn)
Jewellery
 i - a ring of flight
 s - a +6 ring of dexterity
 x - a ring of resist corrosion
 B - a +6 ring of dexterity (left hand)
 I - the ring "Jelenas" (right hand) {Wiz *Corrode rN+ Will+ Stlth+}
   (You found it on level 2 of the Lair of Beasts)

   [ring of wizardry]

   It improves your spell success rate.
   It protects you from negative energy.
   It may corrode you when you take damage.
   It increases your willpower.
   It makes you more stealthy.
Wands
 e - a wand of flame (32)
 g - a wand of polymorph (18)
 h - a wand of iceblast (7)
Scrolls
 b - 3 scrolls of blinking
 m - 2 scrolls of vulnerability
 p - 2 scrolls of magic mapping
 t - 7 scrolls of teleportation
 y - a scroll of enchant armour
 z - 2 scrolls of torment
 D - a scroll of summoning
 E - a scroll of identify
 F - 2 scrolls of amnesia
Potions
 d - 2 potions of might
 j - a potion of magic
 k - 3 potions of flight
 n - a potion of curing
 q - a potion of berserk rage
 r - 3 potions of attraction
 u - 2 potions of lignification
 v - 2 potions of haste
 J - a potion of brilliance


   Skills:
 - Level 8.1 Fighting
 * Level 15.2 Maces & Flails
 - Level 5.1 Armour
 - Level 6.1 Dodging
 - Level 2.6 Shields
 + Level 5.1 Evocations


You had 11 spell levels left.
You didn't know any spells.
Your spell library contained the following spells:

 Spells                   Type           Power      Damage    Failure   Level
 Magic Dart               Conj           0%         1d3       82%         1
 Ensorcelled Hibernation  Hex/Ice        0%         N/A       91%         2
 Searing Ray              Conj           0%         3d3       91%         2
 Dazzling Flash           Conj/Hex       0%         N/A       99%         3
 Summon Guardian Golem    Hex/Summ       0%         N/A       99%         3
 Fulminant Prism          Conj/Hex       0%         3d6       100%        4
 Iskenderun's Mystic Bla  Conj/Tloc      0%         2d3       100%        4
 Silence                  Hex/Air        0%         N/A       100%        5
 Invisibility             Hex            0%         N/A       100%        6


Dungeon Overview and Level Annotations

Branches:
Dungeon (12/15)            Temple (1/1) D:5            Lair (3/6) D:10
 Shoals (0/4) Lair:2       Spider (0/4) Lair:2          Orc (0/2) D:11

Altars:
Ashenzari
Cheibriados
Dithmenos
Elyvilon
Gozag
Kikubaaqudgha
Makhleb
Nemelex Xobeh
Okawaru
Qazlal
Sif Muna
Trog
Uskayaw
Wu Jian
The Shining One

Shops:
D:2 ?   D:8 (

Annotations:
D:12 Psyche


Innate Abilities, Weirdness & Mutations

You have very sharp fingernails.
You are mostly covered in molten scales. (AC +3)
You sometimes gain power by taking damage.
A meltable shield of frost defends you. (SH +4)


Message History

You feel better. The black mamba barely misses you.
The black mamba bites you but does no damage.
You thump the black mamba!
The black mamba is moderately wounded.
The black mamba bites you but does no damage.
You barely miss the black mamba.
The black mamba is moderately wounded.
The black mamba closely misses you. You block the black mamba's attack.
You sock the black mamba!
The black mamba is severely wounded.
The black mamba bites you.
You hit the black mamba but do no damage.
The black mamba is severely wounded.
The black mamba bites you!
* * * LOW HITPOINT WARNING * * *
You are poisoned.
The black mamba poisons you!
You closely miss the black mamba.
The black mamba is severely wounded.
You feel very sick. The black mamba bites you.
* * * LOW HITPOINT WARNING * * *
The black mamba bites you but does no damage.
The blink frog blinks!
You hit the black mamba.
The black mamba is almost dead.
* * * LOW HITPOINT WARNING * * *
You feel very sick. The black mamba bites you!
* * * LOW HITPOINT WARNING * * *
You are more poisoned.
The black mamba poisons you!
Unknown command.
Unknown command.
You feel better. The black mamba barely misses you. The black mamba bites you!
* * * LOW HITPOINT WARNING * * *
A red film seems to cover your vision as you go berserk!
You feel yourself moving faster!
You feel mighty! The black mamba bites you!
You die...
Your body crumbles into a pile of gold.

.....#..........>..........##
.#.########....P...........###
..## #.....##.......(...P## ###
###...###.............# ###
#.....###.............#
#####.####...###.##...........#
.#.....#......######..........###
.....###......#.## #............#
.....##........#@# ##...........#
.....##.......FS### ##.....#....#
.....###.......ยง>.##
#..........# .###.##............#
#...>....... ## ####....###.....#
###........# # ##..###......#
#.......## ## #.## ###....##
#.......## .# #.# ##....#
#.......## ### ### #....#
##.....#^#


You could see a black mamba and a blink frog.

Vanquished Creatures
  Gastronok (D:8)
  A hydra (D:10)
  Erica (D:9)
  3 two-headed ogres
  Pikel (D:8)
  A deep elf pyromancer (D:10)
  2 ugly things (D:11)
  7 elephants
  Maurice (D:8)
  Joseph (D:7)
  2 cane toads
  A torpor snail (Lair:2)
  An unseen horror (D:8)
  A komodo dragon (Lair:1)
  A polar bear (Lair:2)
  3 blink frogs (Lair:2)
  Prince Ribbit (D:8)
  2 redbacks (Lair:2)
  Sigmund (D:5)
  3 wyverns
  A wraith (D:9)
  20 yaks
  2 basilisks (D:10)
  An acid dragon (D:8)
  7 water moccasins
  4 orc warriors
  2 sky beasts
  3 black bears
  3 ice beasts
  10 centaurs
  9 wolves (Lair:2)
  A phantom (D:5)
  3 lemures (D:8)
  A kobold brigand (D:8)
  8 bullfrogs
  A scorpion (D:7)
  A wyvern zombie (D:5)
  A water moccasin skeleton (D:6)
  3 wights (D:8)
  2 howler monkeys
  3 centaur zombies
  A bullfrog zombie (D:6)
  5 hounds
  4 orc priests
  A jelly (D:7)
  Jessica (D:3)
  6 iguanas
  5 orc wizards
  A hound skeleton (D:5)
  Robin (D:3)
  A gnoll (D:5)
  10 adders
  A white imp (D:6)
  An ufetubus (D:6)
  2 worms
  2 dart slugs (D:2)
  29 orcs
  6 endoplasms
  6 giant cockroaches
  9 goblins
  5 hobgoblins
  2 jackals (D:1)
  8 kobolds
  A quokka (D:1)
  4 ball pythons
  7 bats
  3 frilled lizards
  7 rats
250 creatures vanquished.

Vanquished Creatures (others)
  6 fungi
  A plant (Lair:2)
7 creatures vanquished.

Grand Total: 257 creatures vanquished

Notes
Turn   | Place    | Note
-------+----------+-------------------------------------------
     0 | D:1      | CabbageHands the Demonspawn Fighter began the quest for the
                  | Orb.
     0 | D:1      | Reached XP level 1. HP: 18/18 MP: 1/1
     6 | D:1      | Found a runed translucent door.
    27 | D:1      | Reached skill level 2 in Maces & Flails
    38 | D:1      | Gained mutation: You sometimes gain a little power by
                  | taking damage. [demonic ancestry]
    38 | D:1      | Reached XP level 2. HP: 23/24 MP: 2/2
   330 | D:1      | Found a faded altar of an unknown god.
   475 | D:1      | Reached skill level 1 in Dodging
  1214 | D:2      | Reached XP level 3. HP: 29/29 MP: 3/3
  1476 | D:2      | Reached skill level 3 in Maces & Flails
  1635 | D:2      | Found Peplaps's Magic Scroll Boutique.
  2249 | D:2      | Gained mutation: You are partially covered in molten
                  | scales. (AC +2) [demonic ancestry]
  2249 | D:2      | Reached XP level 4. HP: 15/35 MP: 4/4
  3156 | D:3      | Reached skill level 4 in Maces & Flails
  3156 | D:3      | Gained mutation: A meltable shield of frost defends you.
                  | (SH +4) [demonic ancestry]
  3156 | D:3      | Reached XP level 5. HP: 26/41 MP: 5/5
  3466 | D:3      | Noticed Jessica
  3491 | D:3      | Killed Jessica
  3767 | D:3      | Noticed Robin
  3785 | D:3      | Killed Robin
  4145 | D:4      | Found a snail-covered altar of Cheibriados.
  4149 | D:4      | Found a stormy altar of Qazlal.
  4149 | D:4      | Found a burning altar of Makhleb.
  4159 | D:4      | Found a hide-covered altar of Uskayaw.
  4634 | D:4      | Reached XP level 6. HP: 47/47 MP: 6/6
  5320 | D:5      | Entered Level 5 of the Dungeon
  5336 | D:5      | Found a staircase to the Ecumenical Temple.
  5413 | Temple   | Entered the Ecumenical Temple
  5461 | Temple   | Became a worshipper of Gozag Ym Sagoz the Greedy
  5482 | D:5      | Reached skill level 5 in Maces & Flails
  6102 | D:5      | Found an ancient bone altar of Kikubaaqudgha.
  6174 | D:5      | Gained mutation: You sometimes gain power by taking damage.
                  | [demonic ancestry]
  6174 | D:5      | Reached XP level 7. HP: 28/52 MP: 7/7
  6345 | D:5      | Reached skill level 6 in Maces & Flails
  6651 | D:5      | Noticed Sigmund
  6658 | D:5      | Killed Sigmund
  7100 | D:5      | Reached skill level 7 in Maces & Flails
  7370 | D:6      | Gained mutation: You have sharp fingernails. [demonic
                  | ancestry]
  7370 | D:6      | Reached XP level 8. HP: 35/58 MP: 8/8
  7715 | D:6      | Reached skill level 8 in Maces & Flails
  8121 | D:6      | Found a bloodstained altar of Trog.
  8383 | D:7      | Identified the Almanac of Malediction
  8461 | D:7      | Noticed Joseph
  8486 | D:7      | Killed Joseph
  8487 | D:7      | Reached skill level 9 in Maces & Flails
  8487 | D:7      | Reached XP level 9. HP: 24/63 MP: 9/9
  9148 | D:7      | Reached skill level 5 in Armour
  9451 | D:8      | Noticed Pikel
  9727 | D:8      | Killed Pikel
  9728 | D:8      | Reached skill level 10 in Maces & Flails
 10010 | D:8      | Noticed Maurice
 10032 | D:8      | Killed Maurice
 10109 | D:8      | Reached skill level 5 in Fighting
 10138 | D:8      | Noticed Prince Ribbit
 10145 | D:8      | Killed Prince Ribbit
 10686 | D:8      | Killed an unseen horror
 10687 | D:8      | Gained mutation: You have very sharp fingernails. [demonic
                  | ancestry]
 10687 | D:8      | Reached XP level 10. HP: 18/74 MP: 10/10
 10968 | D:8      | Reached skill level 11 in Maces & Flails
 11051 | D:8      | Noticed an eight-headed hydra
 11193 | D:8      | Noticed Gastronok
 11243 | D:8      | Killed Gastronok
 11244 | D:8      | Reached skill level 12 in Maces & Flails
 11803 | D:9      | Noticed a two-headed ogre
 11814 | D:9      | Killed a two-headed ogre
 11944 | D:9      | Noticed Erica
 11982 | D:9      | Killed Erica
 11983 | D:9      | Gained mutation: You are mostly covered in molten scales.
                  | (AC +3) [demonic ancestry]
 11983 | D:9      | Reached XP level 11. HP: 42/85 MP: 11/11
 13012 | D:10     | Entered Level 10 of the Dungeon
 13163 | D:10     | Found a staircase to the Lair.
 13640 | D:10     | Reached skill level 13 in Maces & Flails
 13640 | D:10     | Reached skill level 5 in Dodging
 14420 | D:11     | Noticed a two-headed ogre
 14428 | D:11     | Killed a two-headed ogre
 14668 | D:11     | Noticed a two-headed ogre
 14679 | D:11     | Killed a two-headed ogre
 14684 | D:11     | Noticed an eight-headed hydra
 14685 | D:11     | Noticed a deep elf pyromancer
 14785 | D:10     | Killed an eight-headed hydra
 15096 | D:10     | HP: 3/85 [fire elemental[a deep elf pyromancer] (10)]
 15097 | D:10     | HP: 1/85 [fire elemental[a deep elf pyromancer] (2)]
 15099 | D:10     | Killed a deep elf pyromancer
 15691 | D:11     | Found a staircase to the Orcish Mines.
 15902 | D:11     | Noticed a white ugly thing
 15928 | D:11     | Killed a white ugly thing
 16300 | D:11     | Noticed a green ugly thing
 16321 | D:11     | Killed a green ugly thing
 16555 | D:11     | Reached skill level 14 in Maces & Flails
 16796 | D:12     | Noticed Psyche
 16853 | Lair:1   | Entered Level 1 of the Lair of Beasts
 17148 | Lair:1   | Reached skill level 1 in Evocations
 17920 | D:2      | Bought a scroll of magic mapping for 49 gold pieces
 17920 | D:2      | Bought a scroll of teleportation for 42 gold pieces
 17920 | D:2      | Bought a scroll of brand weapon for 280 gold pieces
 17920 | D:2      | Bought a scroll of magic mapping for 49 gold pieces
 17920 | D:2      | Bought a scroll of blinking for 105 gold pieces
 17920 | D:2      | Bought a scroll of teleportation for 42 gold pieces
 17920 | D:2      | Bought a scroll of enchant armour for 105 gold pieces
 17920 | D:2      | Bought a scroll of identify for 28 gold pieces
 18329 | Lair:1   | Reached XP level 12. HP: 81/92 MP: 12/12
 18947 | Lair:2   | Found a staircase to the Shoals.
 19009 | Lair:2   | Found a hole to the Spider Nest.
 19510 | Lair:2   | Identified the +1 ring mail "Peil" {-Tele rElec Stlth+}
 19585 | Lair:2   | Identified the ring "Jelenas" {Wiz *Corrode rN+ Will+
                  | Stlth+}
 19966 | Lair:2   | Reached skill level 15 in Maces & Flails
 20777 | Lair:2   | Reached skill level 5 in Evocations
 21064 | Lair:2   | HP: 2/92 [black mamba (9)]
 21065 | Lair:2   | Slain by a black mamba

Illustrated notes

Levels and vault maps discovered:
D:1:      dpeg_arrival_caged_fury, layout_basic,
          chequers_ecumenical_altar_simple_redux
D:2:      layout_loops_cross, serial_shops, shop, hex_medium,
          minmay_misc_feat_cross, kennysheep_cross_bottleneck,
          grunt_ministairs_6, fountainhead, chequers_serial_rivers_room_a
D:3:      layout_basic, chequers_serial_rivers_small_b, fountainhead,
          uniq_jessica, uniq_robin
D:4:      layout_basic, minmay_overflow_temple_star_hex
D:5:      layout_basic, minmay_temple_entry_drinking_statues,
          serial_co_window_serial, co_window_of_opportunity_a,
          co_window_paths_b, co_window_paths_b, co_window_corner_a,
          co_window_paths_a, co_window_of_opportunity_a, co_window_broadway_c,
          co_window_cross_4, co_window_cross_4, co_window_broadway_b,
          co_window_4corner_a, co_window_paths_e, glass_columns_a,
          glass_columns_a, glass_columns_a, glass_columns_c,
          minmay_ruined_shrine, uniq_sigmund
D:6:      layout_basic, lightli_temple_of_fire
D:7:      layout_loops_corners, supply_closet_lemuel,
          chequers_serial_rivers_micro_d, uniq_joseph
D:8:      layout_gridville, grunt_ministairs_3,
          onia_ninara_dug_in_and_dangerous, uniq_maurice, uniq_gastronok,
          uniq_prince_ribbit1, uniq_pikel
D:9:      layout_layer_cave, uniq_erica
D:10:     layout_gridville, david_lair_generic
D:11:     layout_cave_pods, david_orc_2
D:12:     layout_basic, grunt_decor_mini_mirrors,
          nicolae_dithmenos_the_darkroom, uniq_psyche
Temple:   eino_temple_scatter_basement
Lair:1:   layout_regular_city, grunt_megastairs_4
Lair:2:   layout_hall_layers, shoals_dummy_entry, spider_nest_entry_webs
Lair:3:   layout_chaotic_city, grunt_megastairs_5, lemuel_fruit_tree

Skill      XL: |  1  2  3  4  5  6  7  8  9 10 11 12 |
---------------+-------------------------------------+-----
Maces & Flails | 2 3 4 5 7 9 10 12 14 15 | 15.2
Dodging        | 1 2 3 4 6 |  6.1
Armour         | 3 4 5 |  5.1
Fighting       | 5 7 8 |  8.1
Evocations     | 1 5 |  5.1
Shields        | |  2.6

Action                   |  1- 3 |  4- 6 |  7- 9 | 10-12 || total
-------------------------+-------+-------+-------+-------++-------
Melee: Flail             |   147 |   193 |   350 |   169 ||   859
       Morningstar       |       |       |       |   387 ||   387
Throw: Dart              |     3 |    26 |    11 |    32 ||    72
       Throwing net      |       |       |     2 |     6 ||     8
Invok: Call Merchant     |       |       |       |     1 ||     1
Evoke: Wand              |       |       |     1 |    16 ||    17
  Use: Scroll            |       |     8 |    10 |     5 ||    23
       Potion            |       |       |     2 |     9 ||    11
 Stab: Distracted        |       |       |     1 |     7 ||     8
       Held in net/web   |       |       |       |     6 ||     6
Armor: Scale mail        |    79 |    85 |   212 |    57 ||   433
       Chain mail        |       |       |       |   260 ||   260
Dodge: Dodged            |    72 |    99 |   192 |   260 ||   623
Block: Other             |       |    32 |    62 |    98 ||   192

Table legend: (Time is in decaauts)
 A = Elapsed time spent in this place.
 B = Non-inter-level travel time spent in this place.
 C = Inter-level travel time spent in this place.
 D = Time resting spent in this place.
 E = Time spent auto-exploring this place.
 F = Levels seen in this place.
 G = Mean time per level.
                   A        B        C        D        E       F      G
               +--------+--------+--------+--------+--------+-----+--------+
         Total |  21043 |  19921 |   1122 |   6955 |   9722 |  16 | 1315.2 |
       Dungeon |  17519 |  16468 |   1051 |   5345 |   8344 |  12 | 1459.9 |
        Temple |     61 |     61 |      0 |      0 |      0 |   1 |   61.0 |
          Lair |   3461 |   3391 |     70 |   1610 |   1378 |   3 | 1153.7 |
               +--------+--------+--------+--------+--------+-----+--------+

Top non-repeatable levels by time:
     D:2: 2089 daAuts
  Lair:2: 2074 daAuts
     D:5: 1994 daAuts
    D:10: 1993 daAuts
     D:8: 1889 daAuts
    D:11: 1782 daAuts
     D:9: 1768 daAuts
     D:7: 1572 daAuts
  Lair:1: 1365 daAuts
     D:4: 1289 daAuts
     D:1: 1185 daAuts
     D:3: 993 daAuts
     D:6: 953 daAuts
  Temple: 61 daAuts
  Lair:3: 21 daAuts
